 Dungeon Crawl Stone Soup version 0.28.0-1-gb440e238dd (webtiles) character file.

Game seed: 5427300191283702528

747 PoweredByGinger the Blocker (level 7, -5/57 HPs)
             Began as a Minotaur Fighter on Feb 19, 2022.
             Slain by an ogre (24 damage)
             ... on level 5 of the Dungeon.
             The game lasted 00:04:25 (4912 turns).

PoweredByGinger the Blocker (Minotaur Fighter)      Turns: 4912, Time: 00:04:26

Health: -5/57      AC:  6    Str: 22    XL:     7   Next: 48%
Magic:  6/6        EV:  9    Int: 11    God:
Gold:   188        SH:  5    Dex: 10    Spells: 6/6 levels left

rFire   . . .      SeeInvis .   a - +0 war axe
rCold   . . .      Faith    .   c - +0 buckler
rNeg    . . .      Spirit   .   b - +0 scale mail
rPois   .          Reflect  .   (helmet restricted)
rElec   .          Harm     .   (no cloak)
rCorr   .          Rampage  .   (no gloves)
Will    +....                   (no boots)
Stlth   ..........              (no amulet)
HPRegen 0.19/turn               l - +6 ring of intelligence
MPRegen 0.10/turn               e - ring of willpower

@: no status effects
A: horns 2, retaliatory headbutt
a: no special abilities


You were on level 5 of the Dungeon.
You visited 1 branch of the dungeon, and saw 5 of its levels.
You also visited: Sewer.

You collected 188 gold pieces.

Inventory:

Hand Weapons
 a - a +0 war axe (weapon)
Missiles
 i - 9 poisoned darts (quivered)
 j - 6 bolts
 n - 41 arrows
 o - a throwing net
Armour
 b - a +0 scale mail (worn)
 c - a +0 buckler (worn)
Jewellery
 e - a ring of willpower (right hand)
 l - a +6 ring of intelligence (left hand)
Wands
 r - a wand of iceblast (6)
Scrolls
 f - 2 scrolls of noise {unknown}
 g - 3 scrolls of fear {unknown}
 h - a scroll of magic mapping {unknown}
 m - 3 scrolls of identify {unknown}
 p - 2 scrolls of teleportation {unknown}
 t - 3 scrolls of immolation {unknown}
Potions
 d - a potion of resistance {unknown}
 k - a potion of attraction {unknown}
 q - 4 potions of curing {unknown}
 s - 2 potions of flight {unknown}
 u - a potion of brilliance {unknown}
 v - 4 potions of invisibility {unknown}
 w - a potion of berserk rage {unknown}
 x - 2 potions of magic {unknown}


   Skills:
 - Level 3.6 Fighting
 + Level 7.4 Axes
 - Level 3.6 Armour
 + Level 8.0 Shields


You had 6 spell levels left.
You didn't know any spells.
Your spell library contained the following spells:

 Spells                   Type           Power      Damage    Failure   Level
 Foxfire                  Conj/Fire      0%         2x1d4     75%         1
 Conjure Flame            Conj/Fire      0%         6-21      98%         3
 Inner Flame              Hex/Fire       0%         N/A       98%         3
 Flame Wave               Conj/Fire      0%         2d4       100%        4


Dungeon Overview and Level Annotations

Branches:
Dungeon (5/15)              Sewer (visited)
 Temple: D:4-7

Altars:
Trog
Zin
The Shining One


Innate Abilities, Weirdness & Mutations

You have a pair of horns on your head.
You reflexively headbutt those who attack you in melee.


Message History

You closely miss the hound. You headbutt the hound.
The hound is heavily wounded.
The hound barely misses you. You furiously retaliate!
You headbutt the hound. The hound bites you but does no damage.
You hit the hound.
The hound is almost dead.
The hound closely misses you. The hound bites you but does no damage.
You hit the hound.
You kill the hound!
Your Shields skill increases to level 8!
An ogre comes into view. It is wielding a +0 giant club.
The black bear bites you. The black bear closely misses you.
You block the black bear's attack.
You barely miss the black bear. You block the black bear's attack.
The black bear claws you.
The black bear claws you but does no damage.
You are too injured to fight recklessly!
You closely miss the black bear. The black bear barely misses you.
The black bear completely misses you.
The black bear claws you but does no damage.
You slash the black bear! Your headbutt misses the black bear.
The black bear is heavily wounded.
The black bear bites you. You block the black bear's attack.
The black bear claws you.
You barely miss the black bear.
The black bear is heavily wounded.
The black bear bites you.
The black bear claws you but does no damage. x2
You hit the black bear. Your headbutt misses the black bear.
The black bear is severely wounded.
The black bear barely misses you. You block the black bear's attack.
The black bear barely misses you.
You hit the black bear.
You headbutt the black bear, but do no damage.
The black bear is severely wounded.
You slash the ogre!
The black bear bites you but does no damage.
The black bear claws you. x2
The ogre hits you with a +0 giant club!!
You die...

################
.........O.)...#
.........h@.†..#
.#####..#####..#
.....#..#h.....#
.....#..#......#
###..#..#.o####
.....#..#.....
.?...#..#......
.#####..#####..
.....#..#Y.....


You could see a black bear and an ogre.

Vanquished Creatures
  An orc warrior (D:4)
  An ice beast (D:5)
  2 bullfrogs (Sewer)
  A howler monkey (D:5)
  2 hounds (D:5)
  2 orc priests
  An orc wizard (D:3)
  A hound skeleton (D:4)
  A howler monkey zombie (D:3)
  4 river rats (Sewer)
  6 adders
  A white imp (D:5)
  3 dart slugs
  11 orcs
  13 ball pythons
  7 endoplasms
  7 giant cockroaches
  8 goblins
  4 hobgoblins
  2 jackals (D:2)
  5 quokkas
  A bat (D:1)
  12 frilled lizards
  4 kobolds
  27 rats
127 creatures vanquished.

Notes
Turn   | Place    | Note
-------+----------+-------------------------------------------
     0 | D:1      | PoweredByGinger the Minotaur Fighter began the quest for
                  | the Orb.
     0 | D:1      | Reached XP level 1. HP: 19/19 MP: 0/0
   228 | D:1      | Reached skill level 4 in Shields
   228 | D:1      | Reached XP level 2. HP: 26/26 MP: 1/1
   588 | D:1      | Reached XP level 3. HP: 31/31 MP: 2/2
  1063 | D:2      | Found a glowing silver altar of Zin.
  1449 | D:2      | You fall into a shaft and drop 1 floor!
  1525 | D:3      | Reached skill level 5 in Shields
  1525 | D:3      | Reached XP level 4. HP: 18/39 MP: 3/3
  1869 | D:3      | Found a glowing golden altar of the Shining One.
  1869 | D:3      | Found a bloodstained altar of Trog.
  2614 | D:3      | Reached XP level 5. HP: 36/45 MP: 4/4
  2912 | D:4      | Reached skill level 5 in Axes
  2963 | D:4      | Noticed an orc warrior
  2990 | D:5      | Entered Level 5 of the Dungeon
  3361 | D:4      | Found a glowing drain.
  3387 | Sewer    | Entered a sewer
  3410 | Sewer    | Reached skill level 6 in Shields
  3820 | Sewer    | Reached XP level 6. HP: 51/51 MP: 5/5
  4468 | D:4      | Killed an orc warrior
  4469 | D:4      | Reached skill level 7 in Shields
  4469 | D:4      | Reached XP level 7. HP: 20/57 MP: 6/6
  4906 | D:5      | Reached skill level 8 in Shields
  4912 | D:5      | Slain by an ogre

Illustrated notes

Levels and vault maps discovered:
D:1:      dpeg_arrival_short_road, layout_loops_corners, st_stairs_8,
          minivault_24
D:2:      layout_basic, basic_altar
D:3:      layout_loops_corners, gammafunk_temple_overflow_statue
D:4:      layout_loops_cross, gup_sewer_entry_glass
D:5:      kennysheep_windowed_halls, layout_loops_ring, goddamned_bats

Skill      XL: |  1  2  3  4  5  6  7 |
---------------+----------------------+-----
Shields        | 4 5 6 7 8 |  8.0
Axes           | 3 4 5 6 7 |  7.4
Fighting       | |  3.6
Armour         | |  3.6

Action                   |  1- 3 |  4- 6 |  7- 9 || total
-------------------------+-------+-------+-------++-------
Melee: War axe           |    73 |   143 |    36 ||   252
       Headbutt          |     5 |    16 |     8 ||    29
  Use: Potion            |       |     1 |       ||     1
Armor: Scale mail        |    26 |    64 |    15 ||   105
Dodge: Dodged            |    25 |    75 |    21 ||   121
Block: Buckler           |    18 |    42 |    13 ||    73
